Map: Arctic Dream LE

Players

Massa - Winner!

  • Race: Terran Terran
  • League: Gold
  • Spawn Location: 6:00

qqq - Winner!

  • Race: Zerg Zerg
  • League: Platinum
  • Spawn Location: 5:00

витя

  • Race: Zerg Zerg
  • League: Silver
  • Spawn Location: 11:00

FERTOS

  • Race: Terran Terran
  • Spawn Location: 12:00

VOD

Have the link to the VOD?

Description

Time

  • Played on: July 27, 2020, 12:05 p.m.
  • Length: 15:17
Show
View Real Time Build Order
Export as new Build Order

Massa Terran - Winner!

Build Orders:  

Get SALT Encoding   

  12  0:01  SCV  
  13  0:14  SCV  
  13  0:18  Supply Depot  
  14  0:26  SCV  
  15  0:40  SCV  
  15  0:42  Barracks  
  16  0:52  SCV  
  17  1:03  Supply Depot  
  17  1:12  SCV  
  17  1:15  Refinery  
  18  1:24  SCV  
  19  1:37  SCV  
  20  1:50  SCV  
  21  1:57  Barracks  
  21  2:01  Refinery  
  21  2:06  Marine  
  23  2:10  Orbital Command  
  22  2:23  Marine  
  23  2:33  Factory  
  23  2:36  SCV  
  24  2:47  Barracks Reactor  
  24  2:48  Barracks Tech Lab  
  24  2:59  Command Center  
  24  3:00  Engineering Bay  
  24  3:08  Marauder  
  26  3:29  Marauder  
  26  3:31  Concussive Shells  
  28  3:35  Widow Mine  
  28  3:40  Supply Depot  
  30  3:43  Missile Turret  
  30  3:56  SCV  
  30  4:02  Widow Mine x2, Marauder  
  37  4:07  Barracks Tech Lab  
  37  4:08  SCV  
  38  4:18  Starport  
  38  4:23  Widow Mine x2, Marauder  
  44  4:25  Ghost Academy  
  44  4:30  Marauder  
  46  4:45  Widow Mine x2  
  50  4:46  SCV x2  
  52  4:56  Ghost  
  54  5:03  Supply Depot  
  54  5:06  Supply Depot  
  54  5:24  SCV x2, Medivac  
  54  5:25  Widow Mine x2  
  62  5:36  SCV x2  
  64  5:44  Armory  
  64  5:47  Engineering Bay  
  64  5:51  Refinery, Orbital Command, SCV  
  65  5:57  Medivac  
  65  5:59  Refinery  
  65  6:01  Widow Mine  
  65  6:03  SCV  
  70  6:28  Supply Depot x2  
  70  6:30  Supply Depot  
  70  6:49  Widow Mine, Marine, Ghost, SCV  
  68  7:01  SCV  
  68  7:07  Marine  
  70  7:18  SCV  
  70  7:19  SCV  
  72  7:27  Missile Turret  
  72  7:28  Missile Turret x2  
  72  7:29  Missile Turret  
  72  7:30  SCV, Missile Turret x2, Terran Vehicle Weapons Level 1  
  72  7:31  SCV, Terran Infantry Armor Level 1  
  74  7:38  Missile Turret x2  
  74  7:43  SCV x2, Missile Turret  
  76  7:46  Missile Turret  
  76  7:48  Missile Turret  
  76  7:55  SCV x2  
  78  8:02  Personal Cloaking  
  78  8:07  SCV x2  
  78  8:09  Stimpack  
  78  8:10  Combat Shield  
  80  8:13  Marauder, Marine  
  83  8:35  Command Center  
  83  8:36  SCV x2  
  85  8:45  Ghost  
  85  8:47  Ghost  
  89  8:48  SCV  
  89  8:49  SCV  
  89  8:54  Widow Mine  
  93  9:01  Supply Depot  
  93  9:04  Supply Depot  
  93  9:12  Supply Depot  
  93  9:19  Supply Depot  
  93  9:21  Sensor Tower  
  93  9:22  Medivac  
  93  9:23  Widow Mine  
  97  9:26  SCV x2  
  97  9:28  Nuke  
  97  9:31  Marauder x2  
  103  9:38  SCV x2  
  105  9:47  SCV  
  105  9:50  SCV x2  
  105  9:52  Marauder x2  
  112  9:55  Refinery  
  112  9:58  Refinery  
  112  9:59  SCV  
  113  10:08  Missile Turret  
  113  10:14  Command Center  
  113  10:22  Ghost  
  113  10:23  Ghost  
  117  10:28  Missile Turret  
  117  10:48  Missile Turret  
  117  10:51  Ghost x2  
  121  11:02  Missile Turret x2  
  121  11:03  Missile Turret  
  121  11:07  Missile Turret x2  
  121  11:08  Missile Turret  
  121  11:11  Medivac  
  123  11:15  Command Center  
  123  11:20  Marauder  
  123  11:21  Barracks, Marauder  
  127  11:26  Barracks, Missile Turret x2  
  127  11:33  Factory  
  127  11:37  Orbital Command  
  127  11:38  SCV x2  
  129  11:41  Medivac  
  129  11:42  Marauder x2  
  135  11:52  Missile Turret  
  135  11:55  Terran Infantry Armor Level 2  
  135  11:58  Terran Infantry Weapons Level 1  
  135  12:01  Terran Vehicle And Ship Armor Level 1  
  135  12:03  Marauder x2  
  139  12:10  Barracks  
  139  12:13  Missile Turret  
  139  12:21  Factory Tech Lab  
  139  12:24  Marine x2  
  139  12:26  Barracks Tech Lab x2  
  141  12:42  Marauder  
  141  12:43  Marauder  
  143  13:04  Marauder x2  
  131  13:25  Marauder x2  
  112  13:46  Marauder  
  112  13:49  Marauder x3  
  112  13:50  Marine  
  119  14:04  Thor  
  119  14:06  Widow Mine x2  
  119  14:08  Marauder, Marine  
  132  14:10  Marauder  
  132  14:11  Marauder x2  
  136  14:25  Marine  
  136  14:27  Widow Mine x2  
  136  14:29  Marauder  
  143  14:32  Marauder x3  
  149  14:43  Marine  
  150  14:48  Widow Mine  
  150  14:49  Widow Mine  
  150  14:51  Marauder  
  162  14:53  Marauder x3  
Show
View Real Time Build Order
Export as new Build Order

qqq Zerg - Winner!

Build Orders: Hatch First, Lurkers, Roach Hydra 

Get SALT Encoding   

  12  0:01  Drone  
  13  0:11  Drone  
  14  0:34  Hatchery  
  13  0:54  Drone, Spawning Pool  
  13  1:02  Drone  
  14  1:10  Overlord  
  14  1:13  Extractor  
  14  1:14  Drone  
  14  1:21  Overlord  
  14  1:28  Drone  
  15  1:38  Drone  
  16  1:52  Drone  
  17  1:54  Drone  
  17  1:58  Queen  
  20  2:01  Queen  
  20  2:05  Drone  
  23  2:09  Drone  
  23  2:13  Drone  
  25  2:18  Zergling x2  
  25  2:20  Drone  
  27  2:27  Metabolic Boost  
  27  2:30  Zergling x2  
  27  2:33  Drone  
  29  2:43  Drone, Zergling x2  
  31  2:45  Drone  
  31  2:51  Drone  
  33  3:08  Drone  
  33  3:09  Zergling x4  
  36  3:13  Overlord  
  35  3:20  Hatchery  
  35  3:21  Drone  
  35  3:22  Overlord  
  35  3:34  Roach Warren  
  35  3:35  Drone  
  35  3:36  Zergling x4  
  35  3:38  Drone  
  35  3:40  Drone  
  39  3:45  Drone  
  40  3:49  Drone x3  
  40  3:54  Extractor  
  42  3:56  Drone  
  42  3:58  Drone x2  
  42  4:00  Drone  
  42  4:02  Zergling x2  
  47  4:08  Drone  
  48  4:15  Roach  
  48  4:16  Drone  
  51  4:18  Lair  
  51  4:27  Overlord x3  
  51  4:54  Roach x3  
  51  4:55  Drone x6, Hatchery  
  62  5:04  Drone x2  
  62  5:05  Drone  
  62  5:06  Roach x3  
  71  5:12  Extractor  
  70  5:21  Drone  
  70  5:22  Drone x2  
  70  5:23  Hydralisk Den, Spore Crawler  
  70  5:25  Spore Crawler  
  70  5:40  Roach x3  
  70  5:41  Drone x2  
  79  5:42  Drone  
  79  5:49  Extractor  
  78  5:53  Drone x3  
  78  5:55  Overlord  
  78  5:56  Overlord x4  
  81  6:09  Spore Crawler  
  81  6:10  Drone  
  81  6:11  Spore Crawler  
  81  6:13  Hydralisk  
  81  6:15  Drone  
  83  6:21  Lurker Den  
  83  6:22  Drone x2, Evolution Chamber  
  83  6:23  Drone x2  
  83  6:24  Drone  
  83  6:25  Evolution Chamber, Roach x4  
  94  6:29  Grooved Spines  
  94  6:30  Glial Reconstitution  
  94  6:32  Zergling x2  
  94  6:40  Spore Crawler  
  94  6:41  Spore Crawler  
  94  6:44  Hydralisk  
  94  6:45  Hydralisk x2  
  98  6:47  Drone x2  
  98  6:51  Spore Crawler  
  99  7:01  Hydralisk x3  
  99  7:03  Drone x3  
  99  7:04  Drone  
  99  7:06  Zerg Missile Weapons Level 1  
  109  7:16  Drone x3  
  109  7:17  Drone  
  109  7:18  Roach x3  
  119  7:25  Lurker x2  
  119  7:26  Hydralisk  
  119  7:28  Hydralisk  
  125  7:30  Drone x2  
  127  7:40  Spore Crawler  
  127  7:42  Spore Crawler x2  
  127  7:43  Drone, Spore Crawler  
  124  7:46  Hydralisk  
  124  7:47  Overlord  
  124  7:48  Overlord x3  
  126  8:09  Drone  
  126  8:10  Drone x5  
  132  8:19  Hydralisk x5  
  128  8:20  Hydralisk  
  128  8:25  Muscular Augments  
  132  8:51  Lurker  
  132  8:52  Hydralisk x5, Lurker  
  144  9:01  Hydralisk  
  146  9:04  Drone  
  146  9:05  Drone x4  
  146  9:08  Lurker  
  152  9:12  Extractor  
  152  9:13  Extractor  
  150  9:17  Drone x2, Extractor x2  
  150  9:18  Drone  
  151  9:25  Hydralisk x2  
  151  9:27  Roach x2  
  159  9:36  Hatchery  
  159  9:38  Infestation Pit  
  157  9:41  Hatchery  
  157  9:42  Zerg Ground Armor Level 1  
  157  9:43  Hatchery  
  157  9:44  Hatchery  
  154  9:57  Hydralisk x3  
  160  10:00  Overlord x3  
  160  10:02  Overlord x6  
  160  10:17  Overlord x2  
  160  10:21  Hive  
  160  10:23  Zerg Melee Weapons Level 1  
  160  10:29  Drone x4  
  164  10:51  Hydralisk x3  
  164  10:52  Hydralisk x3  
  164  10:55  Drone x6  
  182  11:05  Hydralisk x4  
  182  11:07  Drone x3  
  182  11:08  Drone x3  
  196  11:23  Drone  
  195  11:28  Drone  
  196  11:43  Spore Crawler  
  196  11:44  Hydralisk, Spore Crawler  
  196  11:45  Hydralisk  
  196  11:46  Roach  
  200  11:47  Overlord  
  200  11:55  Zerg Ground Armor Level 2  
  200  11:56  Ultralisk Cavern  
  199  12:07  Drone  
  200  12:16  Zerg Missile Weapons Level 2  
  200  12:30  Spore Crawler x2  
  141  13:24  Hydralisk x2  
  141  13:25  Hydralisk x7  
  141  13:26  Hydralisk x3  
  161  13:27  Drone x3  
  161  13:28  Drone, Zergling x10  
  161  13:29  Zergling x6  
  173  13:39  Spore Crawler  
  173  13:41  Pneumatized Carapace  
  172  13:46  Spore Crawler  
  172  13:47  Spine Crawler, Spore Crawler  
  172  13:48  Drone  
  170  13:49  Hydralisk x6, Roach x2  
  170  13:52  Anabolic Synthesis  
  186  13:58  Adaptive Talons  
  186  14:02  Ultralisk x2  
  198  14:03  Zergling x2  
Show
View Real Time Build Order
Export as new Build Order

витя Zerg 

Build Orders: Pool First, Swarm Host 

Get SALT Encoding   

  12  0:10  Drone x2  
  14  0:17  Overlord  
  14  0:44  Spawning Pool  
  14  0:48  Extractor  
  12  0:50  Drone  
  13  1:33  Zergling x4  
  13  1:34  Zergling x2  
  16  1:51  Roach Warren  
  15  2:11  Hatchery  
  14  2:20  Queen  
  17  2:45  Hatchery  
  16  2:56  Lair  
  16  3:46  Drone  
  16  3:47  Drone x2  
  19  4:03  Hydralisk Den  
  18  4:15  Extractor  
  17  4:21  Queen  
  17  4:22  Drone x3  
  22  4:27  Drone x3  
  25  4:37  Hydralisk  
  27  4:49  Drone  
  27  4:52  Overlord x2  
  28  4:53  Overlord  
  28  5:12  Hydralisk x3  
  34  5:18  Drone x2  
  36  5:25  Drone x2  
  38  5:47  Pneumatized Carapace  
  38  6:07  Hydralisk x5  
  48  6:12  Grooved Spines  
  48  6:22  Extractor  
  48  6:25  Extractor  
  46  6:26  Drone  
  46  6:27  Drone x2  
  46  6:32  Overlord  
  49  7:26  Overseer  
  49  7:56  Hydralisk x2  
  49  7:57  Hydralisk x3  
  59  8:10  Infestation Pit  
  58  8:24  Spire  
  58  8:55  Overlord  
  58  8:56  Overlord x2  
  58  9:31  Hatchery  
  57  9:37  Mutalisk x3  
  57  9:38  Mutalisk x6  
  75  11:00  Overlord  
  75  11:01  Overlord x5  
  71  11:42  Infestation Pit  
  70  11:50  Lurker Den  
  70  11:53  Drone x3  
  72  12:32  Hive  
  72  12:47  Swarm Host x7  
  72  12:48  Swarm Host x5  
  72  12:49  Swarm Host x4  
  18  14:34  Mutalisk  
  18  14:35  Mutalisk x6  
Show
View Real Time Build Order
Export as new Build Order

FERTOS Terran 

Build Orders:  

Get SALT Encoding   

  12  0:01  SCV  
  13  0:18  Supply Depot  
  13  0:22  Refinery  
  13  0:31  SCV  
  14  0:42  Barracks  
  14  0:49  SCV  
  15  1:02  SCV  
  17  1:18  SCV  
  16  1:33  Orbital Command  
  16  1:35  Marine  
  17  1:57  Command Center  
  17  2:10  Factory  
  17  2:24  SCV  
  18  2:33  Barracks Tech Lab  
  18  2:37  SCV  
  19  2:49  SCV  
  20  3:01  Supply Depot  
  20  3:05  Starport  
  20  3:07  Armory  
  20  3:09  SCV x2  
  22  3:17  Refinery  
  22  3:21  SCV  
  23  3:35  Refinery, Siege Tank  
  23  3:40  Orbital Command  
  26  3:52  SCV  
  27  4:04  SCV  
  27  4:08  Fusion Core  
  28  4:20  SCV  
  28  4:21  Starport Tech Lab  
  28  4:22  SCV  
  30  4:32  SCV  
  30  4:34  Refinery, SCV, Terran Vehicle And Ship Armor Level 1  
  32  4:44  SCV  
  33  4:46  SCV  
  34  4:56  SCV, Battlecruiser  
  34  4:58  SCV  
  42  5:06  Supply Depot  
  42  5:08  SCV  
  42  5:12  SCV  
  44  5:20  SCV  
  45  5:24  SCV  
  46  5:29  Supply Depot  
  46  5:32  SCV  
  46  5:34  Siege Tank  
  50  5:36  SCV  
  51  5:45  SCV  
  51  5:46  Advanced Ballistics  
  52  5:52  Supply Depot  
  52  6:18  Raven  
  54  7:12  Command Center  
  54  7:14  SCV  
  54  7:15  SCV  
  56  7:27  SCV x2  
  58  7:39  Terran Vehicle Weapons Level 1  
  58  7:47  Barracks Tech Lab, Factory  
  58  8:04  Starport Reactor  
  58  8:32  Factory  
  58  8:55  Siege Tank  
  61  9:14  Barracks Reactor  
  61  9:18  Barracks Tech Lab, Factory  
  61  9:20  Liberator  
  61  9:21  Liberator  
  67  9:27  Siege Tank  
  70  10:00  Refinery  
  70  10:01  Refinery  
  70  10:03  Liberator x2  
  76  10:36  SCV x3  
  79  10:48  SCV x3  
  82  10:52  Engineering Bay  
  82  11:00  SCV x3  
  85  11:18  Factory Tech Lab  
  85  11:19  Factory Tech Lab  
  85  11:38  Planetary Fortress  
  85  11:59  Starport  
  85  12:03  Terran Ship Weapons Level 1  
  85  12:06  Armory  
  85  12:30  Supply Depot  
  85  12:40  SCV x2, Siege Tank x2  
  93  12:51  Siege Tank  
  93  12:53  Supply Depot  
  64  13:17  Siege Tank  
Tags
 
Add a new tag
Caveats
  • Supply blocks, unpowered buildings, or Contaminate may cause inaccurate times.
  • Supply counts are checked every 10 seconds.